 Dungeon Crawl Stone Soup version 0.17-a0-1337-ge651487 (webtiles) character file.

90 nuthulu the Changer (level 4, -1/35 HPs)
             Began as a Draconian Transmuter on June 10, 2015.
             Killed by nerve-wracking pain
             ... invoked by an orc priest
              (7 damage)
             ... on level 3 of the Dungeon.
             The game lasted 00:05:08 (2379 turns).

nuthulu the Changer (Draconian Transmuter)          Turns: 2379, Time: 00:05:08

Health: -1/35      AC:  7    Str: 12    XL:     4   Next: 32%
Magic:  7/8        EV: 12    Int: 14    God:
Gold:   88         SH:  0    Dex: 12    Spells: 2 memorised, 5 levels left

rFire  . . .     SeeInvis .       - Unarmed
rCold  . . .     Clarity  .     (armour unavailable)
rNeg   . . .     SustAt   .     (no shield)
rPois  .         Gourm    .     (helmet restricted)
rElec  .         Spirit   .     e - +1 cloak
rCorr  .         Warding  .     (no gloves)
rMut   .         Stasis   .     (boots currently unavailable)
MR     .....                    (no amulet)
Stlth  +.........               (no ring)
                                (no ring)

@: appendage, not resistant to hostile enchantments, very unstealthy
A: unfitting armour, talons 3, cold-blooded, AC +5
a: End Transformation


You were on level 3 of the Dungeon.
You were not hungry.
You had grown temporary talons.
You visited 1 branch of the dungeon, and saw 3 of its levels.

You collected 88 gold pieces.

Inventory:

Missiles
 a - 45 arrows
Armour
 e - a +1 cloak (worn)
Scrolls
 d - 2 scrolls of enchant weapon
 f - 3 scrolls of identify
Books
 b - a book of Changes

   Spells                             Type                      Level
   a - Beastly Appendage              Transmutation                1
   b - Sticks to Snakes               Transmutation                2
   c - Spider Form                    Transmutation/Poison         3
   d - Ice Form                       Ice/Transmutation            4
   e - Blade Hands                    Transmutation                5
Comestibles
 c - 3 bread rations
 g - a beef jerky


   Skills:
 - Level 1.1 Fighting
 - Level 1.7 Dodging
 - Level 3.0 Unarmed Combat
 * Level 3.2 Spellcasting
 * Level 3.6 Transmutations


You had 5 spell levels left.
You knew the following spells:

 Your Spells              Type           Power        Failure   Level  Hunger
a - Beastly Appendage     Trmt           ##....       6%          1    #......
b - Spider Form           Trmt/Pois      #.........   30%         3    ###....


Dungeon Overview and Level Annotations

Branches:
Dungeon (3/15)

Altars:
Trog
The Shining One


Innate Abilities, Weirdness & Mutations

Your plain brown scales are hard (AC +5).
Your body does not fit into most forms of armour.
You are cold-blooded and may be slowed by cold attacks.
You have claws for feet.


Message History

You hit the orc priest but do no damage.
The orc priest hits you with a dagger. The orc hits you but does no damage.
You closely miss the orc priest. Your kick misses the orc priest.
You tail-slap the orc priest, but do no damage.
The orc priest invokes the aid of Beogh against you.
Something smites you! The orc closely misses you. The orc hits you with a club.
You hit the orc priest.
You claw the orc priest, but do no damage.
The orc priest is lightly wounded.
The orc priest invokes the aid of Beogh against you.
Something smites you!
* * * LOW HITPOINT WARNING * * *
The orc barely misses you. x2
You hit the orc priest but do no damage.
Your kick misses the orc priest.
Your tail-slap misses the orc priest.
The orc priest is lightly wounded.
The orc hits you but does no damage.
The orc priest mumbles some strange prayers to Beogh against you.
Pain shoots through your body!
You die...

#.......#.#
..........####
..........(...#
..............#
..............#
#.#...........#
#.........?...#
#....#o......#
#....o@......#
...##.oor.....#
#.....#####
#....## ...###
.... .....
......


You could see an orc priest, 3 orcs and a rat.

Vanquished Creatures
  3 gnolls (D:3)
  2 adders
  5 bats
  A goblin (D:2)
  9 hobgoblins
  4 jackals
  7 kobolds
  A ball python (D:2)
  A giant cockroach (D:3)
  A giant newt (D:2)
  6 rats
40 creatures vanquished.

Notes
Turn   | Place    | Note
--------------------------------------------------------------
     0 | D:1      | nuthulu the Draconian Transmuter began the quest for the Orb.
     0 | D:1      | Reached XP level 1. HP: 16/16 MP: 3/3
   494 | D:1      | Reached XP level 2. HP: 23/23 MP: 3/5
  1099 | D:2      | Reached XP level 3. HP: 26/28 MP: 7/7
  1269 | D:2      | Found a bloodstained altar of Trog.
  1289 | D:2      | Found a glowing golden altar of the Shining One.
  1482 | D:2      | Learned a level 3 spell: Spider Form
  2076 | D:3      | Reached XP level 4. HP: 26/35 MP: 8/8
  2379 | D:3      | Killed from afar by an orc priest

Vault maps used:
D:1:      dpeg_arrival_pits
D:2:      old_standard_altar, overflow_temple_1_default, first_bread

Action                   |  1- 3 |  4- 6 || total
-------------------------+-------+-------++-------
Melee: Unarmed           |   136 |    23 ||   159
 Cast: Beastly Appendage |    19 |     3 ||    22
       Spider Form       |     1 |       ||     1
  Use: Scroll            |     9 |       ||     9
       Potion            |       |     1 ||     1
  Eat: Chunk             |     3 |     2 ||     5
